 Dungeon Crawl Stone Soup version 0.26.0-7-g794d0892b4 (webtiles) character file.

Game seed: 7040634092698533060

134 Gauvater the Covered (level 5, -10/42 HPs)
             Began as a Formicid Fighter on Jan 12, 2021.
             Killed from afar by Natasha (12 damage)
             ... with a magic dart
             ... on level 3 of the Dungeon.
             The game lasted 00:05:59 (2282 turns).

Gauvater the Covered (Formicid Fighter)             Turns: 2282, Time: 00:06:04

Health: -10/42     AC:  7    Str: 21    XL:     5   Next: 40%
Magic:  5/5        EV:  8    Int:  8    God:
Gold:   76         SH:  9    Dex: 10    Spells: 4/4 levels left

rFire    . . .     SeeInvis +   a - +0 war axe
rCold    . . .     Faith    .   c - +0 kite shield
rNeg     . . .     Spirit   .   b - +0 scale mail
rPois    .         Reflect  .   (helmet unavailable)
rElec    .         Harm     .   (no cloak)
rCorr    .         Rampage  .   (no gloves)
Will     .....                  (no boots)
Stlth    ..........             (no amulet)
HPRegen  0.14/turn              (no ring)
MPRegen  0.09/turn              (no ring)

@: mighty
A: permanent stasis, dig shafts and tunnels, four strong arms, antennae 3
a: Dig, Shaft Self


You were on level 3 of the Dungeon.
You visited 1 branch of the dungeon, and saw 3 of its levels.

You collected 76 gold pieces.

Inventory:

Hand Weapons
 a - a +0 war axe (weapon)
Missiles
 g - 97 stones
 l - 16 sling bullets
 n - 19 arrows
 o - 13 poisoned darts
Armour
 b - a +0 scale mail (worn)
 c - a +0 kite shield (worn)
Scrolls
 e - 4 scrolls of immolation {unknown}
 i - 2 scrolls of identify {unknown}
 j - a scroll of amnesia {unknown}
 k - a scroll of enchant weapon {unknown}
 m - a scroll of remove curse {unknown}
Potions
 d - 2 potions of might
 f - 2 potions of mutation {unknown}
 h - a potion of invisibility {unknown}


   Skills:
 + Level 3.8 Fighting
 + Level 3.6 Axes
 + Level 4.1 Armour
 + Level 0.8 Dodging
 + Level 0.4 Stealth
 + Level 4.1 Shields


You had 4 spell levels left.
You didn't know any spells.
Your spell library contained the following spells:

 Spells                   Type           Power        Failure   Level
 Summon Small Mammal      Summ           0%           97%         1


Dungeon Overview and Level Annotations

Branches:
Dungeon (3/15)

Altars:
Hepliaklqana
Kikubaaqudgha
Nemelex Xobeh
Sif Muna
Vehumet

Annotations:
D:3 Natasha


Innate Abilities, Weirdness & Mutations

You cannot be hasted, slowed, berserked, paralysed or teleported.
You can dig through walls and to a lower floor.
Your four strong arms can wield two-handed weapons with a shield.
You have a pair of large antennae on your head. (SInv)


Message History

Natasha is almost dead.
You block the goblin's attack. Natasha casts a spell at you.
Your stasis prevents you from being slowed.
The goblin hits you from afar with a +0 spear.
* * * LOW HITPOINT WARNING * * *
You closely miss Natasha.
Natasha is almost dead.
Natasha claws you.
* * * LOW HITPOINT WARNING * * *
The goblin closely misses you. You block Natasha's attack.
Unknown command.
You closely miss Natasha.
Natasha is almost dead.
The goblin hits you but does no damage.
Natasha wildly gestures.
You feel troubled.
Natasha stares at you and mumbles some strange words.
The magic dart hits you!
You die...

...............................#.
#############################..#.
)........#†.#.
#################.#..#.
#..........####...#..#) #.#
......#.##.###..#. # #.#
....#....†...)..
#####.#.#######.##.##..#.....
.........)wh@.g(......<).>...
......#.#######.##.#####.....
#####...# #.##.# ....... ......
#.##.# ####.... .g...... ......
..... .....#### ...#.# ##.#..
####. ..(.#.# ..... #. ....#.# #
.


You could see a worm, Natasha and a goblin.

Vanquished Creatures
  Terence (D:3)
  2 adders (D:2)
  An ooze (D:2)
  3 worms (D:2)
  3 dart slugs (D:2)
  3 leopard geckos (D:2)
  6 orcs
  3 giant cockroaches
  6 goblins
  5 hobgoblins
  6 jackals
  7 kobolds
  A ball python (D:1)
  3 bats
  3 frilled lizards (D:1)
  6 rats
59 creatures vanquished.

Notes
Turn   | Place    | Note
-------+----------+-------------------------------------------
     0 | D:1      | Gauvater the Formicid Fighter began the quest for the Orb.
     0 | D:1      | Reached XP level 1. HP: 18/18 MP: 1/1
   100 | D:1      | Reached XP level 2. HP: 12/24 MP: 2/2
  1109 | D:2      | Found a radiant altar of Vehumet.
  1109 | D:2      | Found an ancient bone altar of Kikubaaqudgha.
  1110 | D:2      | Found a shimmering blue altar of Sif Muna.
  1116 | D:2      | Identified Sif Muna's Tome of Creation
  1144 | D:2      | Reached XP level 3. HP: 29/29 MP: 3/3
  1347 | D:2      | Found a sparkling altar of Nemelex Xobeh.
  1517 | D:2      | Reached XP level 4. HP: 30/36 MP: 4/4
  2052 | D:3      | Reached XP level 5. HP: 38/42 MP: 5/5
  2165 | D:3      | Found a hazy altar of Hepliaklqana.
  2243 | D:3      | Noticed Natasha
  2246 | D:3      | Noticed Terence
  2266 | D:3      | Killed Terence
  2281 | D:3      | HP: 2/42 [Natasha (5)]
  2282 | D:3      | Killed from afar by Natasha

Illustrated notes

Levels and vault maps discovered:
D:1:      minmay_arrival_nine_rooms, layout_loops_corners,
          hangedman_decor_clover_reticule
D:2:      layout_rooms, grunt_temple_overflow_magic_moments, grunt_ministairs_3,
          nemelex_lonely_heart_becter
D:3:      layout_basic, nzn_hepliaklqana_mist_gate, marbit_many_paths,
          lemuel_crystal_altar, uniq_natasha, uniq_terence, uniq_grinder

Skill      XL: |  1  2  3  4 |
---------------+-------------+-----
Armour         | 4 |  4.1
Axes           | 3 |  3.6
Shields        | 4 |  4.1
Fighting       | |  3.8
Dodging        | |  0.8
Stealth        | |  0.4

Action                   |  1- 3 |  4- 6 || total
-------------------------+-------+-------++-------
Melee: War axe           |    84 |    88 ||   172
  Use: Potion            |       |     1 ||     1
Armor: Scale mail        |    40 |    31 ||    71
Dodge: Dodged            |    43 |    49 ||    92
Block: Kite shield       |    63 |    82 ||   145
